 Dungeon Crawl Stone Soup version 0.27-a0-95-g5a9077b8ae (webtiles) character file.

Game seed: 12493623159107791218

303 knot the Chopper (level 6, 31/70 HPs)
             Began as a Demonspawn Berserker on Jan 19, 2021.
             Was a Believer of Trog.
             Quit the game on level 3 of the Dungeon.
             The game lasted 00:02:11 (3078 turns).

knot the Chopper (Demonspawn Berserker)             Turns: 3078, Time: 00:02:12

Health: 31/70      AC:  2    Str: 17    XL:     6   Next: 15%
Magic:  6/6        EV: 12    Int: 13    God:    Trog [**....]
Gold:   189        SH:  0    Dex: 12    Spells: 5/5 levels left

rFire    . . .     SeeInvis .   a - +0 hand axe
rCold    . . .     Faith    .   (no shield)
rNeg     . . .     Spirit   .   b - +0 animal skin
rPois    .         Reflect  .   (no helmet)
rElec    .         Harm     .   (no cloak)
rCorr    .         Rampage  .   (no gloves)
Will     ++...     Rnd*Tele +   (no boots)
Stlth    ..........             (no amulet)
HPRegen  1.21/turn              p - ring of teleportation (curse)
MPRegen  0.10/turn              (no ring)

@: berserking (expiring), regenerating (expiring), very quick
A: talons 1, powered by death 1, miasma immunity, big brain 1
a: Renounce Religion, Berserk, Trog's Hand


You were on level 3 of the Dungeon.
You worshipped Trog.
Trog was pleased with you.
You visited 1 branch of the dungeon, and saw 3 of its levels.

You collected 189 gold pieces.

Inventory:

Hand Weapons
 a - a +0 hand axe (weapon)
Missiles
 d - 32 sling bullets
 h - 114 stones
 j - a throwing net
 o - 8 poisoned darts
 r - 7 atropa-tipped darts
Armour
 b - a +0 animal skin (worn)
Jewellery
 p - a cursed ring of teleportation (left hand)
 u - an uncursed amulet of the acrobat {unknown}
Scrolls
 c - 2 scrolls of fear {unknown}
 e - 2 scrolls of magic mapping {unknown}
 g - 4 scrolls of identify {unknown}
 k - a scroll of teleportation {unknown}
 n - 4 scrolls of remove curse {unknown}
 q - a scroll of immolation {unknown}
 s - a scroll of enchant weapon {unknown}
 t - a scroll of blinking {unknown}
Potions
 f - 2 potions of brilliance {unknown}
 i - 3 potions of curing {unknown}
 l - 2 potions of lignification {unknown}
 m - 3 potions of flight {unknown}


   Skills:
 - Level 3.0 Fighting
 + Level 6.3 Axes
 - Level 1.7 Armour
 - Level 1.7 Dodging


You had 5 spell levels left.
You didn't know any spells.
Your spell library was empty.

Dungeon Overview and Level Annotations

Branches:
Dungeon (3/15)

Altars:
Nemelex Xobeh


Innate Abilities, Weirdness & Mutations

You have sharp toenails.
You regenerate a little health from kills.
You are immune to miasma.
You have an unusually large brain. (Int +2)


Message History

You closely miss Grinder.
Grinder is severely wounded.
Grinder closely misses you.
You barely miss Grinder.
Grinder is severely wounded.
Grinder gestures at you. You resist with almost no effort.
You slash Grinder!
You kill Grinder!
Trog accepts your kill.
Your Axes skill gained 2 levels and is now at level 6!
You have reached level 5!
Your demonic ancestry asserts itself...
You feel immune to miasma.
You have reached level 6!
Your experience leads to an increase in your attributes!
Increase (S)trength, (I)ntelligence, or (D)exterity?
You feel clever.
Your demonic ancestry asserts itself...
Your toenails lengthen and sharpen.
Are you sure you want to abandon this character and quit the game? (Confirm with "yes".)

####.....# #....#...#
###### ##########.####.###
##.##.# ##...#......##...#
#..##.# #......#######...##
#..#..# #####....###
#......####....##
.........# #..###.#.......#
#####...#
####.......<##..†.# #.#..#
#..@...##.####..#.#
##.##.##..#..####.###...#.#
##..# .##. ...# #.#<..#.#.#
##..###.## ....#
#...###.#.#
#.......[...#.## #..##
#.#.# ##..####...##..# #..#
#.#.# ##...# .# .## ....#
#.#.# #...## .. # .##.##
##.†.# #†.## # ### #...##


There were no monsters in sight!

Vanquished Creatures
  Grinder (D:3)
  2 adders (D:2)
  2 worms (D:3)
  2 dart slugs
  3 leopard geckos
  10 bats
  3 giant cockroaches
  8 goblins
  7 hobgoblins
  5 jackals (D:1)
  5 kobolds (D:1)
  3 quokkas (D:3)
  2 ball pythons (D:3)
  4 frilled lizards
  8 rats
65 creatures vanquished.

Notes
Turn   | Place    | Note
-------+----------+-------------------------------------------
     0 | D:1      | knot the Demonspawn Berserker began the quest for the Orb.
     0 | D:1      | Reached XP level 1. HP: 18/18 MP: 1/1
    62 | D:1      | Reached skill level 3 in Axes
   434 | D:1      | Gained mutation: You regenerate a little health from kills.
                  | [demonic ancestry]
   434 | D:1      | Reached XP level 2. HP: 21/24 MP: 2/2
   871 | D:1      | Gained mutation: You have an unusually large brain. (Int
                  | +2) [demonic ancestry]
   871 | D:1      | Reached XP level 3. HP: 29/29 MP: 3/3
   984 | D:1      | Reached ** piety under Trog
   986 | D:1      | Reached skill level 4 in Axes
  2384 | D:2      | Reached XP level 4. HP: 24/35 MP: 4/4
  2777 | D:3      | Found a sparkling altar of Nemelex Xobeh.
  3062 | D:3      | Noticed Grinder
  3077 | D:3      | Killed Grinder
  3078 | D:3      | Reached skill level 6 in Axes
  3078 | D:3      | Gained mutation: You are immune to miasma. [demonic
                  | ancestry]
  3078 | D:3      | Reached XP level 5. HP: 27/41 MP: 5/5
  3078 | D:3      | Gained mutation: You have sharp toenails. [demonic
                  | ancestry]
  3078 | D:3      | Reached XP level 6. HP: 31/47 MP: 6/6
  3078 | D:3      | Quit the game

Illustrated notes

Levels and vault maps discovered:
D:1:      ebering_trefoil_twist, layout_basic, minmay_vboxes
D:2:      layout_loops_corners
D:3:      layout_rooms, nemelex_xobeh_ov_fountains_minmay,
          uniq_crazy_yiuf_cottage, uniq_grinder

Skill      XL: |  1  2  3  4 |
---------------+-------------+-----
Axes           | 3 4 6 |  6.3
Fighting       | |  3.0
Armour         | |  1.7
Dodging        | |  1.7

Action                   |  1- 3 |  4- 6 || total
-------------------------+-------+-------++-------
Melee: Hand axe          |   137 |    49 ||   186
Invok: Berserk           |     4 |     2 ||     6
       Trog's Hand       |       |     1 ||     1
 Stab: Sleeping          |     1 |       ||     1
Armor: Animal skin       |    35 |     4 ||    39
Dodge: Dodged            |    99 |    22 ||   121

Table legend: (Time is in decaauts)
 A = Elapsed time spent in this place.
 B = Non-inter-level travel time spent in this place.
 C = Inter-level travel time spent in this place.
 D = Time resting spent in this place.
 E = Time spent auto-exploring this place.
 F = Levels seen in this place.
 G = Mean time per level.
                   A        B        C        D        E       F      G
               +--------+--------+--------+--------+--------+-----+--------+
         Total |   3146 |   3115 |     31 |   1106 |   1624 |   3 | 1048.7 |
       Dungeon |   3146 |   3115 |     31 |   1106 |   1624 |   3 | 1048.7 |
               +--------+--------+--------+--------+--------+-----+--------+

Top non-repeatable levels by time:
     D:1: 1442 daAuts
     D:2: 1232 daAuts
     D:3: 471 daAuts
